AoeStats
← jose352352

Black Forest

509149169Analyzed
4v4 RM · 7d ago on Sep 25, 2026· 33m 55s· 8 players
Game mode
Random Map
Map size
Large (8 player)
Population
200
Speed
Normal
Resources
Standard
Victory
Conquest
Starting age
Dark Age
Ending age
Imperial Age
RankedLock teamsTeams togetherTeam positionsShared explorationLock speedFull tech treeHidden civsTurbo modeCheats
Victory
Defeat
🇫🇷 Gurjaras · France
867
+15
🇩🇪 Byzantines · Germany
817
+17
🇫🇷 Celts · France
803
+17
🇬🇧 Bohemians · United Kingdom
789
+18
🇺🇸 Teutons · United States
867
-18
🇺🇸 Saracens · United States
854
-49
🇲🇽 Spanish · Mexico
824
-16
🇷🇴 Romans · Romania
787
-15
Jeronimoo
2:30 Loom
16:23 Feudal Age
17:16 Horse Collar
17:28 Double-Bit Axe
17:38 Gold Mining
17:56 Arson
20:34 Wheelbarrow
19:29 Man-at-Arms
22:39 Scale Mail Armor
22:50 Forging
28:10 Castle Age
28:44 Long Swordsman
29:09 Gambesons
29:45 Chain Mail Armor
30:05 Iron Casting
29:47 Heavy Plow
30:30 Bow Saw
31:40 Gold Shaft Mining
31:40 Hand Cart
36:43 Imperial Age
sam.hodges1989
7:23 Loom
11:31 Feudal Age
15:48 Castle Age
17:20 Double-Bit Axe
17:25 Horse Collar
25:03 Wheelbarrow
31:17 Imperial Age
28:18 Pikeman
29:52 Forging
32:16 Capped Ram
33:30 Caravan
33:52 Hand Cart
33:30 Halberdier
34:16 Scale Mail Armor
34:52 Iron Casting
35:21 Chemistry
xelar
12:18 Feudal Age
12:55 Double-Bit Axe
12:54 Horse Collar
16:26 Castle Age
18:51 Fletching
20:14 Stone Mining
21:11 Bodkin Arrow
21:42 Town Watch
SexeDeGrenouille
0:56 Loom
14:47 Feudal Age
16:03 Horse Collar
17:02 Wheelbarrow
16:28 Town Watch
19:05 Gold Mining
19:02 Double-Bit Axe
22:18 Castle Age
22:07 Stone Mining
23:57 Heavy Plow
24:22 Hand Cart
24:57 Bow Saw
29:10 Pikeman
32:46 Arson
33:03 Town Patrol
36:26 Imperial Age
Agent P
9:07 Feudal Age
7:23 Loom
11:53 Double-Bit Axe
15:10 Horse Collar
19:50 Castle Age
18:52 Stone Mining
24:11 Gold Mining
26:30 Scale Barding Armor
27:28 Forging
30:56 Wheelbarrow
xxyvonnederful
jose352352
Iceman
0:29 Loom
11:58 Feudal Age
19:31 Fletching
Connection lost

Rejoining the realm…

Still unreachable

The connection could not be restored.

Session expired

The server has moved on; the page needs a fresh start.